 Dungeon Crawl Stone Soup version 0.27.0-1-g7a089689b8 (webtiles) character file.

Game seed: 9675514975417908413

10 ZARRMARR the Chopper (level 2, -7/27 HPs)
             Began as a Hill Orc Monk on Aug 5, 2021.
             Mangled by a gnoll (10 damage)
             ... on level 1 of the Dungeon.
             The game lasted 00:02:23 (551 turns).

ZARRMARR the Chopper (Hill Orc Monk)                 Turns: 551, Time: 00:02:24

Health: -7/27      AC:  2    Str: 13    XL:     2   Next: 20%
Magic:  2/2        EV: 12    Int: 10    God:
Gold:   15         SH:  0    Dex: 13    Spells: 1/1 levels left

rFire    . . .     SeeInvis .   a - +0 hand axe
rCold    . . .     Faith    .   (no shield)
rNeg     . . .     Spirit   .   b - +0 robe
rPois    .         Reflect  .   (no helmet)
rElec    .         Harm     .   (no cloak)
rCorr    .         Rampage  .   (no gloves)
Will     .....                  (no boots)
Stlth    ++........             (no amulet)
HPRegen  0.09/turn              (no ring)
MPRegen  0.08/turn              (no ring)

@: no status effects
A: no striking features
a: no special abilities


You were on level 1 of the Dungeon.
You visited 1 branch of the dungeon, and saw 1 of its levels.

You collected 15 gold pieces.

Inventory:

Hand Weapons
 a - a +0 hand axe (weapon)
Missiles
 c - 19 poisoned darts
 f - 28 stones (quivered)
Armour
 b - a +0 robe (worn)
Magical Staves
 i - a staff of conjuration
Scrolls
 d - a scroll of teleportation {unknown}
 e - a scroll of vulnerability {unknown}
 g - a scroll of torment {unknown}
 h - a scroll of identify {unknown}
 j - a scroll of fog {unknown}


   Skills:
 + Level 3.9 Fighting
 + Level 4.2 Axes
 + Level 2.5 Dodging
 + Level 1.6 Stealth


You had one spell level left.
You didn't know any spells.
Your spell library contained the following spells:

 Spells                   Type           Power      Damage    Failure   Level
 Sublimation of Blood     Necr           0%         N/A       50%         2
 Petrify                  Tmut/Erth      0%         N/A       98%         4
 Irradiate                Conj/Tmut      0%         3d13      100%        5


Dungeon Overview and Level Annotations

Branches:
Dungeon (1/15)

Altars:


Message History

The stone hits the gnoll but does no damage.
The gnoll is lightly wounded.
Throw: 29 stones
Press: ? - help, Q - select action, (/) - cycle Shift-Dir - straight line, f/p - gnoll
Aim: a gnoll, wielding a +0 flail (lightly wounded, 61% to hit)
You throw a stone.
The stone hits the ball python but does no damage.
The ball python bites you but does no damage.
The ball python grabs you. The ball python constricts you.
You barely miss the ball python.
A quokka comes into view.
The ball python bites you but does no damage.
The ball python constricts you.
You hit the ball python.
The ball python is moderately wounded.
The ball python bites you but does no damage.
The ball python constricts you. The ball python bites you.
The ball python constricts you.
You barely miss the gnoll.
The gnoll is lightly wounded.
You hit the ball python.
You kill the ball python!
The gnoll hits you with a +0 flail!
You hit the gnoll.
The gnoll is lightly wounded.
The gnoll closely misses you.
You hit the gnoll.
The gnoll is heavily wounded.
You closely miss the quokka. The gnoll barely misses you.
The quokka closely misses you.
You closely miss the gnoll.
The gnoll is heavily wounded.
You hit the quokka but do no damage. The gnoll hits you with a +0 flail!
* * * LOW HITPOINT WARNING * * *
The quokka misses you.
You closely miss the gnoll.
The gnoll is heavily wounded.
You hit the quokka but do no damage. The quokka barely misses you.
The gnoll hits you with a +0 flail!
You die...

#. #...........
#.######...........
###.............####.
#...............# #.
#...........########.
#...........+...≈..'.
####..$........####≈..#.
...............# #≈≈.#.
#.$..g@.......# ##≈≈##
#(...r........# #≈.#
###...........# #≈.#
(((.#....###### #≈≈#
#...(#....# #≈≈# #..(
#.#### #.≈≈ ..( #. #.≈≈
### #. #.#≈# .. #.###


You could see a gnoll and a quokka.

Vanquished Creatures
  3 goblins (D:1)
  A quokka (D:1)
  3 ball pythons (D:1)
  4 rats (D:1)
11 creatures vanquished.

Notes
Turn   | Place    | Note
-------+----------+-------------------------------------------
     0 | D:1      | ZARRMARR the Hill Orc Monk began the quest for the Orb.
     0 | D:1      | Reached XP level 1. HP: 19/19 MP: 1/1
   376 | D:1      | Reached XP level 2. HP: 27/27 MP: 2/2
   421 | D:1      | Found a faded altar of an unknown god.
   551 | D:1      | Mangled by a gnoll

Illustrated notes

Levels and vault maps discovered:
D:1:      psy_arrival_statuary, layout_basic,
          shapermc_ecumenical_altar_totnotflames,
          chequers_serial_rivers_small_a, corner_web_ring, minmay_pentomino_v2

Action                   || total
-------------------------++-------
Melee: Hand axe          ||    32
Throw: Dart              ||     7
       Stone             ||    16
 Stab: Sleeping          ||     1
Armor: Robe              ||     6
Dodge: Dodged            ||    17
